 Dungeon Crawl Stone Soup version 0.29-a0-91-gdebf4667c2 (webtiles) character file.

Game seed: 16824069266709194483

77 lordive the Bolt Thrower (level 4, 0/27 HPs)
             Began as a Kobold Hunter on Feb 7, 2022.
             Killed by nerve-wracking pain
             ... invoked by an orc priest
              (3 damage)
             ... on level 3 of the Dungeon.
             The game lasted 00:03:39 (3545 turns).

lordive the Bolt Thrower (Kobold Hunter)            Turns: 3545, Time: 00:03:41

Health: 0/27       AC:  5    Str:  9    XL:     4   Next: 58%
Magic:  4/4        EV: 14    Int: 14    God:
Gold:   102        SH:  0    Dex: 15    Spells: 3/3 levels left

rFire   . . .      SeeInvis .   a - +1 hand crossbow
rCold   . . .      Faith    .   (no shield)
rNeg    . . .      Spirit   .   c - +0 leather armour
rPois   .          Reflect  .   (no helmet)
rElec   .          Harm     .   f - +1 cloak
rCorr   .          Rampage  .   (no gloves)
Will    .....                   (no boots)
Stlth   +++.......              (no amulet)
HPRegen 0.09/turn               (no ring)
MPRegen 0.09/turn               (no ring)

@: no status effects
A: small, no large weapons, nightstalker 3
a: no special abilities


You were on level 3 of the Dungeon.
You visited 1 branch of the dungeon, and saw 3 of its levels.

You collected 102 gold pieces.

Inventory:

Hand Weapons
 a - a +1 hand crossbow (weapon)
 b - a +0 short sword
Missiles
 d - 13 bolts (quivered ammo)
Armour
 c - a +0 leather armour (worn)
 f - a +1 cloak (worn)
Jewellery
 j - a ring of protection from cold
 k - a +4 ring of evasion
Scrolls
 e - 5 scrolls of identify {unknown}
 h - a scroll of blinking {unknown}
 i - a scroll of immolation {unknown}
 l - a scroll of vulnerability {unknown}
 m - a scroll of magic mapping {unknown}
 n - a scroll of summoning {unknown}
Potions
 g - a potion of flight {unknown}
 o - a potion of might {unknown}
 p - a potion of curing {unknown}


   Skills:
 + Level 2.6 Fighting
 + Level 2.2 Short Blades
 + Level 5.4 Crossbows
 + Level 1.0 Armour
 + Level 2.6 Dodging
 + Level 2.5 Stealth


You had 3 spell levels left.
You didn't know any spells.
Your spell library contained the following spells:

 Spells                   Type           Power      Damage    Failure   Level
 Beastly Appendage        Tmut           0%         N/A       36%         1
 Shock                    Conj/Air       0%         1d3       36%         1
 Summon Small Mammal      Summ           0%         N/A       36%         1
 Wereblood                Tmut           0%         N/A       52%         2
 Call Canine Familiar     Summ           0%         N/A       75%         3
 Spider Form              Tmut/Pois      0%         N/A       75%         3
 Swiftness                Air            0%         N/A       75%         3
 Airstrike                Air            0%         N/A       98%         4
 Flame Wave               Conj/Fire      0%         2d4       98%         4


Dungeon Overview and Level Annotations

Branches:
Dungeon (3/15)

Altars:
Elyvilon

Shops:
D:2 ?!(*   D:3 *

Annotations:
D:3 1 runed translucent door


Innate Abilities, Weirdness & Mutations

You are small and have problems with some larger weapons.
You are completely attuned to the shadows.


Message History

An orc priest is nearby!
An orc priest is nearby!
An orc priest is nearby!
a - a +1 hand crossbow (weapon)
You shoot a bolt. The orc priest shouts!
The bolt hits the orc priest.
The orc priest is lightly wounded.
The orc priest looks braver for a moment.
The orc priest invokes the aid of Beogh against you.
Pain shoots through your body!
You shoot a bolt. The bolt barely misses the orc priest.
You shoot a bolt. The bolt hits the orc priest.
The orc priest is moderately wounded.
You shoot a bolt.
The bolt hits the orc priest but does no damage.
The orc priest is lightly wounded.
Fire: 16 bolts
Press: ? - help, Q - select action Shift-Dir - straight line, f/p - orc priest
Aim: an orc priest, wielding a +0 whip and wearing a +0 chain mail (lightly wounded, 72% to hit)
You shoot a bolt. The bolt closely misses the orc priest.
The orc wizard shouts!
The orc priest invokes the aid of Beogh against you.
Beogh smites you!
Ouch! That really hurt!
* * * LOW HITPOINT WARNING * * *
Fire: 15 bolts
Press: ? - help, Q - select action Shift-Dir - straight line, f/p - orc priest
Aim: an orc priest, wielding a +0 whip and wearing a +0 chain mail (lightly wounded, 72% to hit)
You shoot a bolt. The bolt hits the orc priest!
The orc priest is severely wounded.
The orc priest closely misses you.
Fire: 14 bolts
Press: ? - help, Q - select action Shift-Dir - straight line, f/p - orc priest
Aim: an orc priest, wielding a +0 whip and wearing a +0 chain mail (severely wounded, 72% to hit)
You shoot a bolt. The bolt barely misses the orc priest.
The orc priest closely misses you. The orc wizard closely misses you.
The orc priest mumbles some strange prayers to Beogh against you.
Pain shoots through your body!
You die...

#.#.....#.#..# #
####.#..##.#.#.[#############
...........#.#...............
.###.#.#.#.#.#.##############
#.#..<#......(..(....#
#.#.#.###.#....(..##.#
#.#.#.# #.....(...##.#
#.#'#.# ##...oo...##.#
#.....# #.>.@....##.# #.....#
##.......##.# #.#.....#
#.########.# #.#.....# #.#..#
#.# #.#.##### # #..# #.#
##.#.# #..# #.# #....# #..#
#.# #..### #..# #.# #..# #..#
#.#


You could see an orc priest and an orc wizard.

Vanquished Creatures
  3 adders (D:2)
  6 endoplasms
  3 goblins (D:1)
  9 hobgoblins
  3 kobolds (D:1)
  3 quokkas
  4 ball pythons
  5 bats
  6 frilled lizards
  6 rats
48 creatures vanquished.

Vanquished Creatures (others)
  A butterfly (D:3)
1 creature vanquished.

Grand Total: 49 creatures vanquished

Notes
Turn   | Place    | Note
-------+----------+-------------------------------------------
     0 | D:1      | lordive the Kobold Hunter began the quest for the Orb.
     0 | D:1      | Reached XP level 1. HP: 12/12 MP: 1/1
    68 | D:1      | Reached skill level 5 in Crossbows
   489 | D:1      | Found a faded altar of an unknown god.
   495 | D:1      | Reached XP level 2. HP: 15/18 MP: 2/2
  1103 | D:1      | Reached XP level 3. HP: 10/22 MP: 3/3
  1687 | D:1      | Reached skill level 1 in Short Blades
  2102 | D:2      | Found Jeduar's General Store.
  2172 | D:2      | Found Ydug Ode's Antique Weapon Shop.
  2325 | D:2      | Got the Papyrus of Blistering Companions
  2336 | D:2      | Reached XP level 4. HP: 25/27 MP: 4/4
  2425 | D:2      | Found Atisump's Distillery.
  2546 | D:2      | Found Ceirchae's Magic Scroll Emporium.
  2712 | D:3      | Noticed an orc warrior
  2806 | D:3      | Found a runed translucent door.
  3081 | D:3      | Reached skill level 1 in Armour
  3097 | D:3      | Found a white marble altar of Elyvilon.
  3309 | D:3      | Found Mohuming's General Store.
  3545 | D:3      | Killed from afar by an orc priest

Illustrated notes

Levels and vault maps discovered:
D:1:      denvon_arrival_planthouse, layout_basic,
          shapermc_ecumenical_altar_starsandcircs
D:2:      layout_basic, serial_shops, nicolae_shop_hallway_stairs,
          nicolae_shop_advertising_works [nicolae_subvault_shop_adworks],
          nicolae_shop_trees, shop
D:3:      layout_basic, nicolae_elyvilon_peaceful_grove, slow_altar_2,
          serial_shops, nicolae_shop_waterfront, ebering_ghost_reflecting_pool

Skill      XL: |  1  2  3  4 |
---------------+-------------+-----
Crossbows      | 5 |  5.4
Short Blades   | 1 2 |  2.2
Stealth        | 2 |  2.5
Armour         | 1 |  1.0
Fighting       | |  2.6
Dodging        | |  2.6

Action                   |  1- 3 |  4- 6 || total
-------------------------+-------+-------++-------
Melee: Short sword       |   114 |    40 ||   154
       Punch             |     1 |     1 ||     2
 Fire: Hand crossbow     |       |     7 ||     7
 Stab: Sleeping          |    13 |     5 ||    18
Armor: Leather armour    |    24 |    13 ||    37
Dodge: Dodged            |    81 |    29 ||   110

Table legend: (Time is in decaauts)
 A = Elapsed time spent in this place.
 B = Non-inter-level travel time spent in this place.
 C = Inter-level travel time spent in this place.
 D = Time resting spent in this place.
 E = Time spent auto-exploring this place.
 F = Levels seen in this place.
 G = Mean time per level.
                   A        B        C        D        E       F      G
               +--------+--------+--------+--------+--------+-----+--------+
         Total |   3555 |   3414 |    141 |    169 |   2799 |   3 | 1185.0 |
       Dungeon |   3555 |   3414 |    141 |    169 |   2799 |   3 | 1185.0 |
               +--------+--------+--------+--------+--------+-----+--------+

Top non-repeatable levels by time:
     D:1: 1944 daAuts
     D:2: 839 daAuts
     D:3: 770 daAuts
